 Dungeon Crawl Stone Soup version 0.22.0-38-g04b72b8c25 (webtiles) character file.

110 lis82 the Magician (level 4, -15/21 HPs)
             Began as a Spriggan Wizard on Aug 26, 2018.
             Was an Initiate of Sif Muna.
             Splashed by Ijyb's acid (20 damage)
             ... on level 3 of the Dungeon.
             The game lasted 00:08:21 (3179 turns).

lis82 the Magician (Spriggan Wizard)                Turns: 3179, Time: 00:08:22

Health: -15/21     AC: -1    Str:  3    XL:     4   Next: 61%
Magic:  3/11       EV: 18    Int: 20    God:    Sif Muna [......]
Gold:   131        SH:  0    Dex: 14    Spells: 3/12 levels left

rFire    . . .     SeeInvis +   l - +0 dagger
rCold    . . .     Gourm    .   (shield restricted)
rNeg     . . .     Faith    .   a - +0 robe
rPois    .         Spirit   .   b - +1 hat
rElec    .         Reflect  .   (no cloak)
rCorr    .         Harm     .   (gloves unavailable)
MR       .....                  (boots unavailable)
Stlth    +.........             (no amulet)
HPRegen  0.07/turn              e - ring of attention (curse)
MPRegen  0.12/turn              (no ring)

@: corroded, very quick
A: very small, unfitting armour, see invisible, herbivore, speed 3, slow
metabolism 2
a: Renounce Religion


You were on level 3 of the Dungeon.
You worshipped Sif Muna.
Sif Muna was noncommittal.
You were not hungry.

You visited 1 branch of the dungeon, and saw 3 of its levels.

You collected 131 gold pieces.

Inventory:

Hand Weapons
 l - a +0 dagger (weapon)
Armour
 a - a +0 robe (worn)
 b - a +1 hat (worn)
Jewellery
 e - a cursed ring of attention (left hand)
Scrolls
 f - a scroll of identify
 g - 2 scrolls of teleportation {unknown}
 n - a scroll of blinking {unknown}
 q - a scroll of magic mapping {unknown}
Potions
 c - a potion of resistance
 h - 2 potions of agility {unknown}
 i - a potion of invisibility {unknown}
 j - 2 potions of degeneration {unknown}
 k - a potion of lignification {unknown}
 m - a potion of mutation {unknown}
 o - a potion of curing {unknown}
 p - 2 potions of haste {unknown}
Comestibles
 d - 4 rations


   Skills:
 - Level 3.0 Dodging
 - Level 3.0 Stealth
 + Level 4.7 Spellcasting
 - Level 3.0 Conjurations
   Level 0.7 Summonings
 - Level 1.5 Translocations


You had 3 spell levels left.
You knew the following spells:

 Your Spells              Type           Power        Failure   Level  Hunger
a - Magic Dart            Conj           ###.         3%          1    None
b - Blink                 Tloc           N/A          10%         2    #......
c - Conjure Flame         Conj/Fire      ##......     19%         3    ##.....
d - Mephitic Cloud        Conj/Pois/Air  #.......     24%         3    ##.....

Your spell library contained the following spells:

 Spells                   Type           Power        Failure   Level  Hunger
 Call Imp                 Summ           #.......     14%         2    #......
 Slow                     Hex            #.......     19%         2    #......


Dungeon Overview and Level Annotations

Branches:
Dungeon (3/15)

Altars:
Sif Muna

Annotations:
D:3 Grinder, Ijyb


Innate Abilities, Weirdness & Mutations

You are very small and have problems with some larger weapons.
You are too small for most types of armour.
You have supernaturally acute eyesight. (SInv)
You are a herbivore.
You cover ground extremely quickly.
You need to consume almost no food.


Message History

Confirm with . or Enter, or press ? or * to list all spells.
Aiming: Magic Dart (safe; 3% risk of failure)
Press: ? - help, Shift-Dir - straight line, f/p - Ijyb
Aim: Ijyb, wearing a leather armour (heavily wounded, unusually resistant)
The magic dart hits Ijyb.
Ijyb is heavily wounded.
Ijyb closely misses you.
Casting: Magic Dart (safe; 3% risk of failure)
Confirm with . or Enter, or press ? or * to list all spells.
Aiming: Magic Dart (safe; 3% risk of failure)
Press: ? - help, Shift-Dir - straight line, f/p - Ijyb
Aim: Ijyb, wearing a leather armour (heavily wounded, unusually resistant)
The magic dart hits Ijyb.
Ijyb is heavily wounded.
Ijyb zaps a wand.
The bolt of acid hits you!
Ouch! That really hurt!
* * * LOW HITPOINT WARNING * * *
The acid corrodes you!
You are splashed with acid!
The acid burns!
Ouch! That really hurt!
You die...

##### ######### ###...##
#.......# ###...#..#
#.......# #...####.#######
#.......#####.###......#...#
#.......'.....@##......#...#
#.......######g##..........#
#.......# #.##..........#
#.......# #.##..........#
#.....).# #.##..........#
#.......# #.#.......#...#
##'###### #.......).########
#.# ##......#......... #.#
#..##..#########.


You could see Ijyb.

Vanquished Creatures
  5 adders (D:2)
  A worm (D:2)
  3 dart slugs
  3 leopard geckos
  2 orcs (D:3)
  7 goblins
  5 hobgoblins
  8 jackals
  A quokka (D:2)
  A ball python (D:3)
  3 bats
  2 frilled lizards (D:2)
  6 kobolds
  5 rats
52 creatures vanquished.

Notes
Turn   | Place    | Note
-------+----------+-------------------------------------------
     0 | D:1      | lis82 the Spriggan Wizard began the quest for the Orb.
     0 | D:1      | Reached XP level 1. HP: 9/9 MP: 6/6
   270 | D:1      | Reached skill level 1 in Conjurations
   351 | D:1      | Reached XP level 2. HP: 13/13 MP: 0/8
   694 | D:1      | Learned a level 2 spell: Blink
  1491 | D:2      | Reached XP level 3. HP: 9/16 MP: 0/9
  1990 | D:2      | Learned a level 3 spell: Conjure Flame
  1994 | D:2      | Learned a level 3 spell: Mephitic Cloud
  2005 | D:2      | Found a deep blue altar of Sif Muna.
  2012 | D:2      | Became a worshipper of Sif Muna the Loreminder
  2065 | D:2      | Reached XP level 4. HP: 20/21 MP: 2/11
  2512 | D:3      | Noticed Grinder
  2564 | D:3      | Noticed Ijyb
  3179 | D:3      | Splashed by Ijyb's acid

Skill      XL: |  1  2  3 |
---------------+----------+-----
Conjurations   | 1 2 3 |  3.0
Dodging        | |  3.0
Stealth        | |  3.0
Spellcasting   | |  4.7
Summonings     | |  0.7
Translocations | |  1.5

Action                   |  1- 3 |  4- 6 || total
-------------------------+-------+-------++-------
Melee: Dagger            |     4 |       ||     4
 Cast: Magic Dart        |    96 |    55 ||   151
  Use: Scroll            |     4 |       ||     4
Dodge: Dodged            |    14 |     4 ||    18
